 Dungeon Crawl Stone Soup version 0.28-a0-823-gb444dcf96d (webtiles) character file.

Game seed: 10054962705196241097

366 ytrimaz the Shield-Bearer (level 7, 0/55 HPs)
             Began as a Formicid Fighter on Nov 9, 2021.
             Slain by a phantom (5 damage)
             ... on level 4 of the Dungeon.
             The game lasted 00:02:43 (2982 turns).

ytrimaz the Shield-Bearer (Formicid Fighter)        Turns: 2982, Time: 00:02:44

Health: 0/55       AC: 10    Str: 22 (23) XL:     7   Next: 0%
Magic:  7/7        EV:  8    Int:  4 (7)  God:
Gold:   189        SH:  4    Dex:  9 (10) Spells: 6/6 levels left

rFire   . . .      SeeInvis +   a - +0 war axe
rCold   . . .      Faith    .   c - +0 buckler
rNeg    + . .      Spirit   .   h - +1 chain mail
rPois   .          Reflect  .   (helmet unavailable)
rElec   .          Harm     .   (no cloak)
rCorr   .          Rampage  .   (no gloves)
Will    +....                   (no boots)
Stlth   ..........              (no amulet)
HPRegen 0.18/turn               f - ring of Gicyp {rN+ Will+}
MPRegen 0.10/turn               (no ring)

@: mighty, flying
A: permanent stasis, dig shafts and tunnels, antennae 3, four strong arms
a: Dig, Shaft Self


You were on level 4 of the Dungeon.
You visited 1 branch of the dungeon, and saw 4 of its levels.

You collected 189 gold pieces.

Inventory:

Hand Weapons
 a - a +0 war axe (weapon)
Armour
 c - a +0 buckler (worn)
 h - a +1 chain mail (worn)
Jewellery
 f - the ring of Gicyp (left hand) {rN+ Will+}
   (You acquired it on level 3 of the Dungeon)

   [ring of positive energy]

   rN:        It protects you from negative energy.
   Will:      It increases your willpower.
Potions
 d - 2 potions of might
 g - 2 potions of lignification


   Skills:
 + Level 4.3 Fighting
 + Level 4.6 Axes
 + Level 4.5 Armour
 * Level 5.2 Shields


You had 6 spell levels left.
You didn't know any spells.
Your spell library contained the following spells:

 Spells                   Type           Power      Damage    Failure   Level
 Conjure Flame            Conj/Fire      0%         6-21      100%        3
 Ignite Poison            Fire/Tmut/Pois 0%         N/A       100%        3
 Tukima's Dance           Hex            0%         N/A       100%        3
 Passage of Golubria      Tloc           0%         N/A       100%        4
 Sticky Flame             Conj/Fire      0%         2d3       100%        4
 Yara's Violent Unravell  Hex/Tmut       0%         3d3       100%        5


Dungeon Overview and Level Annotations

Branches:
Dungeon (4/15)
 Temple: D:4-7

Altars:
Dithmenos


Innate Abilities, Weirdness & Mutations

You cannot be hasted, slowed, berserked, paralysed or teleported.
You can dig through walls and to a lower floor.
You have a pair of large antennae on your head. (SInv)
Your four strong arms can wield two-handed weapons with a shield.


Message History

You feel very mighty all of a sudden. The phantom hits you!
You slash the phantom!
The phantom is moderately damaged.
You closely miss the kobold. The phantom closely misses you.
You closely miss the phantom.
The phantom is moderately damaged.
You closely miss the kobold. The kobold hits you but does no damage.
The phantom closely misses you. The kobold hits you but does no damage.
The phantom hits you.
You closely miss the phantom.
The phantom is moderately damaged.
You closely miss the kobold. The kobold hits you but does no damage.
The phantom hits you.
You barely miss the phantom.
The phantom is moderately damaged.
You slash the kobold!
You kill the kobold!
The phantom hits you but does no damage.
The adder skeleton closely misses you.
You closely miss the phantom.
The phantom is moderately damaged.
You barely miss the adder skeleton. The phantom hits you!
You block the adder skeleton's attack. The phantom hits you.
You slash the phantom!
The phantom is severely damaged.
You slash the adder skeleton! The adder skeleton barely misses you.
The phantom hits you!
* * * LOW HITPOINT WARNING * * *
You block the adder skeleton's attack.
You barely miss the phantom.
The phantom is severely damaged.
You barely miss the adder skeleton. The phantom hits you.
* * * LOW HITPOINT WARNING * * *
The adder skeleton bites you but does no damage.
Unknown command.
It was a potion of flight.
You feel very buoyant.
You fly up into the air.
The phantom hits you.
You die...

....'..( §### ...........
....##########.§§. #.###.....
.###...........### ###..####.##
.................# #.....###.##
.###.........!.#.#+###...........
.# #####...##.......##.....###.##
.# #.#.##.......##.....# #.#
.##### #.#.##.......####.#.# #.#
.....# #.#.##...@...# #.#..##.#
.....# #.#.#####WZ.....#.##.##.#
.....# #.#.. ....###.#.# .##.#
.....+ ..### ##..... #.# .##.##
.....# ### #.###.#


#.#PPPPPPP .....### ... .# #.#P.....P .....#.. ..# # #.#PPP.PPP #'####.# ...
#<#P.P.... #.# #.# ###P.PPP.P You could see a phantom and an adder skeleton.

Vanquished Creatures
  An ogre (D:4)
  A scorpion (D:4)
  A water moccasin skeleton (D:4)
  A bullfrog skeleton (D:4)
  An orc wizard (D:3)
  5 adders
  4 worms (D:2)
  2 dart slugs
  6 orcs
  8 ball pythons
  8 endoplasms
  5 giant cockroaches
  5 goblins
  3 hobgoblins
  6 kobolds
  2 quokkas
  2 bats
  4 frilled lizards
  A rat (D:2)
  A bush (D:4)
67 creatures vanquished.

Notes
Turn   | Place    | Note
-------+----------+-------------------------------------------
     0 | D:1      | ytrimaz the Formicid Fighter began the quest for the Orb.
     0 | D:1      | Reached XP level 1. HP: 18/18 MP: 1/1
   179 | D:1      | Reached XP level 2. HP: 21/24 MP: 2/2
   269 | D:1      | Found a faded altar of an unknown god.
   418 | D:1      | Reached skill level 4 in Shields
   686 | D:2      | Reached XP level 3. HP: 23/29 MP: 3/3
  1062 | D:2      | Reached XP level 4. HP: 37/37 MP: 4/4
  1538 | D:3      | Reached XP level 5. HP: 36/42 MP: 5/5
  1729 | D:3      | Identified a scroll of acquirement
  1729 | D:3      | Acquired the ring of Gicyp {rN+ Will+}
  2226 | D:4      | Found a shadowy altar of Dithmenos.
  2384 | D:4      | Reached XP level 6. HP: 38/48 MP: 6/6
  2429 | D:4      | Noticed an ogre
  2436 | D:4      | Killed an ogre
  2437 | D:4      | Reached skill level 5 in Shields
  2780 | D:4      | Reached XP level 7. HP: 18/55 MP: 7/7
  2982 | D:4      | Slain by a phantom

Illustrated notes

Levels and vault maps discovered:
D:1:      co_arrival_random_square_maze, layout_rooms,
          hellmonk_ecumenical_altar_slurped_away, chequers_hall_statues_corner_a
D:2:      layout_rooms, minivault_19
D:3:      layout_basic
D:4:      layout_basic, nzn_hepliaklqana_mist_gate,
          nicolae_dithmenos_shadow_blocks, minmay_hedge_maze

Skill      XL: |  1  2  3  4  5  6 |
---------------+-------------------+-----
Shields        | 4 5 |  5.2
Armour         | 4 |  4.5
Axes           | 3 4 |  4.6
Fighting       | 4 |  4.3

Action                   |  1- 3 |  4- 6 |  7- 9 || total
-------------------------+-------+-------+-------++-------
Melee: War axe           |    71 |   165 |    10 ||   246
  Use: Scroll            |     3 |     2 |     1 ||     6
       Potion            |       |     3 |     2 ||     5
Armor: Scale mail        |    28 |    37 |       ||    65
       Chain mail        |       |    31 |     5 ||    36
       Skin              |       |     2 |       ||     2
Dodge: Dodged            |    35 |    53 |     8 ||    96
Block: Buckler           |    12 |    22 |     5 ||    39

Table legend: (Time is in decaauts)
 A = Elapsed time spent in this place.
 B = Non-inter-level travel time spent in this place.
 C = Inter-level travel time spent in this place.
 D = Time resting spent in this place.
 E = Time spent auto-exploring this place.
 F = Levels seen in this place.
 G = Mean time per level.
                   A        B        C        D        E       F      G
               +--------+--------+--------+--------+--------+-----+--------+
         Total |   3066 |   3010 |     56 |    441 |   1978 |   4 |  766.5 |
       Dungeon |   3066 |   3010 |     56 |    441 |   1978 |   4 |  766.5 |
               +--------+--------+--------+--------+--------+-----+--------+

Top non-repeatable levels by time:
     D:4: 1012 daAuts
     D:3: 710 daAuts
     D:2: 673 daAuts
     D:1: 669 daAuts
